 Dungeon Sprint DCSS version 0.26-a0-664-gc8b27b8fc1 (webtiles) character file.

Game seed: 2184070030322490823

7935 Conn the Thaumaturge (level 11, -1/64 HPs)
             Began as an Octopode Hedge Wizard on Oct 13, 2020.
             Was a High Priest of Sif Muna.
             Shot with an arrow by a spriggan rider (18 damage)
             ... in the Dungeon (Sprint IV: "Fedhas' Mad Dash").
             The game lasted 00:44:56 (6078 turns).

Conn the Thaumaturge (Octopode Hedge Wizard)        Turns: 6078, Time: 00:44:57

Health: -1/64      AC:  1    Str: 10    XL:     11   Next: 23%
Magic:  28/29      EV: 15    Int: 17    God:    Sif Muna [*****.]
Gold:   111        SH:  0    Dex: 12    Spells: 5/39 levels left

rFire    . . .     SeeInvis .   g - +1 short sword (drain)
rCold    . . .     Faith    .   (no shield)
rNeg     . . .     Spirit   .   b - +0 hat
rPois    .         Reflect  .   c - amulet of invisibility {+Inv}
rElec    .         Harm     .   (no ring)
rCorr    .         Rampage  .   (no ring)
MR       .....     NoTele   +   (no ring)
Stlth    ++++......             (no ring)
HPRegen  0.20/turn              (no ring)
MPRegen  0.21/turn              (no ring)
                                (no ring)
                                (no ring)

@: very slightly contaminated, invisible
A: almost no armour, stealthy swim, amphibious, 8 rings, constrict 8, camouflage
1, dopey 1, gelatinous body 1
a: Channel Magic, Forget Spell, Divine Exegesis, Renounce Religion


You were in the Dungeon.
You worshipped Sif Muna.
Sif Muna was extremely pleased with you.
You visited 1 branch You collected 243 gold pieces.
You spent 132 gold pieces at shops.

Inventory:

Hand Weapons
 a - a +0 dagger
 g - a +1 short sword of draining (weapon)
 h - a +2 vorpal long sword
 o - a +0 battleaxe of venom
 p - a +3 quick blade
Missiles
 k - 22 sling bullets
Armour
 b - a +0 hat (worn)
 f - a +0 buckler
Jewellery
 c - the amulet of invisibility (around mantle) {+Inv}
   (You found it in the Dungeon)

   [amulet of nothing]

   It lets you turn invisible.
Wands
 m - a wand of paralysis (6)
Scrolls
 e - a scroll of identify {unknown}
 i - 2 scrolls of blinking
 l - 3 scrolls of magic mapping {unknown}
 n - a scroll of remove curse {unknown}
 q - a scroll of fear
Potions
 d - a potion of curing
Miscellaneous
 j - a lightning rod (4/4)


   Skills:
 + Level 2.1 Fighting
 + Level 2.0(2.2) Short Blades
 + Level 1.4(2.0) Long Blades
 + Level 5.0 Dodging
 + Level 6.9 Stealth
 * Level 14.8 Spellcasting
 * Level 11.6 Conjurations
 + Level 2.1 Hexes
 + Level 6.1 Summonings
 + Level 3.4 Translocations
 * Level 4.4 Transmutations
 * Level 5.2 Fire Magic
 + Level 3.8 Air Magic
 * Level 4.9 Earth Magic
 + Level 4.3 Poison Magic
 * Level 6.4 Invocations
 - Level 9.7 Evocations


You had 5 spell levels left.
You knew the following spells:

 Your Spells              Type           Power        Failure   Level
a - Magic Dart            Conj           ####         1%          1
b - Blink                 Tloc           N/A          1%          2
c - Call Imp              Summ           ####....     1%          2
d - Conjure Flame         Conj/Fire      #####...     1%          3
e - Mephitic Cloud        Conj/Pois/Air  #####...     1%          3
f - Slow                  Hex            ###.....     3%          2
g - Iskenderun's Battles  Conj           ######..     1%          5
h - Bolt of Magma         Conj/Fire/Erth #####.....   8%          5
i - Petrify               Tmut/Erth      ####....     8%          4
j - Orb of Destruction    Conj           ######....   36%         7

Your spell library contained the following spells:

 Spells                   Type           Power        Failure   Level
 Apportation              Tloc           ###...       1%          1
 Beastly Appendage        Tmut           ####..       1%          1
 Wereblood                Tmut           ####....     1%          2
 Call Canine Familiar     Summ           ####....     1%          3
 Summon Guardian Golem    Hex/Summ       ####....     2%          3
 Lesser Beckoning         Tloc           ###.......   3%          3
 Tukima's Dance           Hex            ###.....     6%          3
 Leda's Liquefaction      Hex/Erth       ###.......   12%         4
 Summon Forest            Summ/Tloc      ####......   21%         5
 Ice Form                 Ice/Tmut       ###.....     22%         4
 Alistair's Intoxication  Tmut/Pois      ####.....    24%         5
 Iron Shot                Conj/Erth      #####.....   26%         6
 Spellforged Servitor     Conj/Summ      #####.....   75%         7
 Invisibility             Hex            ###.....     97%         6
 Summon Greater Demon     Summ           ####......   98%         7
 Malign Gateway           Summ/Tloc      ####......   99%         7
 Haunt                    Necr/Summ      ###.......   100%        7
 Discord                  Hex            ###.......   100%        8


Dungeon Overview and Level Annotations

Branches:
Dungeon (1/1)

Altars:
Cheibriados
Dithmenos
Elyvilon
Gozag
Hepliaklqana
Kikubaaqudgha
Makhleb
Nemelex Xobeh
Okawaru
Qazlal
Ru
Sif Muna
Trog
Uskayaw
Vehumet
Wu Jian
Xom
Yredelemnul
Zin
The Shining One
Beogh
Jiyva
Lugonu

Shops:
D :[*?(==[


Innate Abilities, Weirdness & Mutations

You cannot wear most types of armour.
You are very stealthy in the water. (Stealth+)
You are amphibious.
You can wear up to eight rings at the same time.
You can use your tentacles to constrict eight enemies at once.
Your skin changes colour to match your surroundings (Stealth+).
Your rubbery body absorbs attacks. (AC +1, EV +1)
You are dopey. (Int -2)


Message History

You fail to use your ability.
You fade into invisibility!
You are very lightly contaminated with residual magic.
A spriggan rider comes into view.
It is wielding the +8 storm bow {elec, penet}.
The spriggan rider shouts!
The spriggan rider shoots an arrow.
The arrow pierces through the bush but does no damage.
The arrow pierces through you!!
Evoke which item? (* to show all) (? for menu, Esc to quit)
Press: ? - help, Shift-Dir - straight line, f - spriggan rider
Aim: a spriggan rider, wielding the +8 storm bow {elec, penet} and quivering 13 arrows Out of range.
Okay, then.
Unknown command.
Okay, then.
The spriggan rider shoots an arrow.
The arrow pierces through the bush!
Lightning courses through the bush!! The arrow pierces through you!!
* * * LOW HITPOINT WARNING * * *
You are electrocuted!!
You die...

..#...###################.....)##
.######♣♣♣♣♣..♣.###.'..'......)')
###..'......♣..♣##..#.)#.......##
.....#♣..♣♣♣○♣).###.##'##.P....#
.....#.♣♣..♣...♣'...#♣.♣########
#####################)....#### .
###..♣..♣....###
..P.#####...♣....[.♣...♣#
.iP.....@....♣.....∩.∩...
..P...################### #####


You could see a spriggan rider.

Vanquished Creatures
  Agnes (D)
  A spriggan defender (D)
  A spriggan berserker (D)
  A spriggan druid (D)
  6 oklob plants (D)
  A demonic crawler (D)
  3 wandering mushrooms (D)
  2 burning bushes (D)
  A queen bee (D)
  A hornet (D)
  2 scorpions (D)
  3 killer bees (D)
  5 oklob saplings (D)
  A worker ant (D)
  5 spriggans (D)
  A river rat (D)
  A rat (D)
  A ballistomycete spore (D)
37 creatures vanquished.

Vanquished Creatures (collateral kills)
  A burning bush (D)
  A killer bee (D)
2 creatures vanquished.

Vanquished Creatures (others)
  A fungus (D)
1 creature vanquished.

Grand Total: 40 creatures vanquished

Notes
Turn   | Place    | Note
-------+----------+-------------------------------------------
     0 | D        | Conn the Octopode Hedge Wizard began the quest for the Orb.
     0 | D        | Reached XP level 1. HP: 11/11 MP: 4/4
    18 | D        | Reached skill level 4 in Spellcasting
    18 | D        | Reached XP level 2. HP: 2/17 MP: 4/7
   317 | D        | Learned a level 2 spell: Blink
   320 | D        | Learned a level 2 spell: Call Imp
   320 | D        | Noticed an oklob sapling
   401 | D        | Found the amulet of invisibility {+Inv}
   406 | D        | Reached skill level 5 in Spellcasting
   406 | D        | Reached XP level 3. HP: 20/21 MP: 1/10
   529 | D        | Found an opulent altar of Gozag.
   529 | D        | Found a hazy altar of Hepliaklqana.
   529 | D        | Found a burning altar of Makhleb.
   529 | D        | Found a roughly hewn altar of Beogh.
   529 | D        | Found a sparkling altar of Nemelex Xobeh.
   529 | D        | Found a snail-covered altar of Cheibriados.
   529 | D        | Found a sacrificial altar of Ru.
   529 | D        | Found a shimmering blue altar of Sif Muna.
   529 | D        | Found a shimmering altar of Xom.
   529 | D        | Found a basalt altar of Yredelemnul.
   530 | D        | Found a viscous altar of Jiyva.
   530 | D        | Found a bloodstained altar of Trog.
   530 | D        | Found an ornate altar of the Wu Jian Council.
   530 | D        | Noticed an oklob sapling priest
   531 | D        | Found an iron altar of Okawaru.
   531 | D        | Found a glowing silver altar of Zin.
   531 | D        | Found a shadowy altar of Dithmenos.
   532 | D        | Found a hide-covered altar of Uskayaw.
   532 | D        | Found an ancient bone altar of Kikubaaqudgha.
   533 | D        | Found a glowing golden altar of the Shining One.
   533 | D        | Found a stormy altar of Qazlal.
   533 | D        | Found a white marble altar of Elyvilon.
   534 | D        | Found a radiant altar of Vehumet.
   534 | D        | Found a corrupted altar of Lugonu.
   536 | D        | Became a worshipper of Sif Muna the Loreminder
   735 | D        | Killed an oklob sapling
   735 | D        | Reached skill level 6 in Spellcasting
   735 | D        | Reached skill level 1 in Evocations
   735 | D        | Reached XP level 4. HP: 27/27 MP: 3/12
  1011 | D        | Learned a level 3 spell: Conjure Flame
  1015 | D        | Learned a level 3 spell: Mephitic Cloud
  1020 | D        | Noticed a queen bee
  1032 | D        | Reached * piety under Sif Muna
  1033 | D        | Reached skill level 7 in Spellcasting
  1033 | D        | Reached XP level 5. HP: 26/31 MP: 9/14
  1165 | D        | Learned a level 2 spell: Slow
  1174 | D        | Reached ** piety under Sif Muna
  1174 | D        | Reached skill level 1 in Air Magic
  1174 | D        | Reached skill level 1 in Poison Magic
  1174 | D        | Reached skill level 5 in Evocations
  1197 | D        | Killed a queen bee
  1197 | D        | Reached skill level 1 in Fighting
  1197 | D        | Reached skill level 1 in Short Blades
  1197 | D        | Reached skill level 8 in Spellcasting
  1197 | D        | Reached skill level 5 in Conjurations
  1197 | D        | Reached XP level 6. HP: 19/38 MP: 9/17
  1410 | D        | Noticed an oklob plant
  1703 | D        | Reached skill level 1 in Hexes
  1703 | D        | Reached XP level 7. HP: 43/43 MP: 2/19
  1817 | D        | Reached skill level 5 in Stealth
  1817 | D        | Reached skill level 9 in Spellcasting
  1983 | D        | Reached *** piety under Sif Muna
  2368 | D        | Found Bivveet's Antique Armour Shop.
  2368 | D        | Found Wosuymer's Book Emporium.
  2376 | D        | Noticed a burning bush
  2376 | D        | Noticed a wandering mushroom
  2397 | D        | Killed a wandering mushroom
  2720 | D        | Killed a burning bush
  2720 | D        | Reached skill level 10 in Spellcasting
  2720 | D        | Reached XP level 8. HP: 38/48 MP: 14/22
  2721 | D        | Noticed a wandering mushroom
  2731 | D        | Reached **** piety under Sif Muna
  2739 | D        | Killed a wandering mushroom
  2887 | D        | Found Fuekisu's Jewellery Emporium.
  2887 | D        | Found Isim's Weapon Shoppe.
  2956 | D        | Noticed a burning bush
  3237 | D        | Killed a burning bush
  3237 | D        | Reached skill level 5 in Summonings
  3335 | D        | Killed an oklob plant
  3335 | D        | Reached skill level 11 in Spellcasting
  3335 | D        | Reached XP level 9. HP: 54/54 MP: 12/24
  3397 | D        | Noticed a burning bush
  3397 | D        | Noticed an oklob plant
  3405 | D        | Killed a burning bush
  3405 | D        | Reached skill level 1 in Long Blades
  3590 | D        | Noticed a wandering mushroom
  3927 | D        | Killed a wandering mushroom
  3927 | D        | Reached ***** piety under Sif Muna
  3927 | D        | Reached skill level 1 in Invocations
  4021 | D        | Killed an oklob plant
  4021 | D        | Received a gift from Sif Muna
  4021 | D        | Reached skill level 12 in Spellcasting
  4035 | D        | Identified the Compendium of Curses and Moulding
  4091 | D        | Learned a level 5 spell: Iskenderun's Battlesphere
  4097 | D        | Learned a level 5 spell: Bolt of Magma
  4118 | D        | Noticed a spriggan druid
  4128 | D        | Killed a spriggan druid
  4128 | D        | Reached skill level 1 in Fire Magic
  4128 | D        | Reached skill level 1 in Earth Magic
  4328 | D        | Noticed an oklob plant conjurer
  4683 | D        | Killed an oklob plant conjurer
  4683 | D        | Reached XP level 10. HP: 60/60 MP: 3/26
  4811 | D        | Learned a level 4 spell: Petrify
  4813 | D        | Noticed Agnes
  4816 | D        | Noticed an oklob plant
  4816 | D        | Noticed an oklob plant summoner
  5051 | D        | Killed an oklob plant
  5051 | D        | Reached skill level 13 in Spellcasting
  5051 | D        | Reached skill level 1 in Transmutations
  5170 | D        | Learned a level 7 spell: Orb of Destruction
  5172 | D        | Noticed an oklob plant shifter
  5178 | D        | Killed an oklob plant summoner
  5178 | D        | Reached skill level 10 in Conjurations
  5196 | D        | Killed an oklob plant shifter
  5511 | D        | Noticed a spriggan rider
  5515 | D        | Reached skill level 5 in Dodging
  5521 | D        | Reached skill level 5 in Invocations
  5523 | D        | Identified Sif Muna's Volume of the Oath and Calling (Sif
                  | Muna gifted it to you in the Dungeon)
  5523 | D        | Received a gift from Sif Muna
  5531 | D        | Found Huxzos's Jewellery Emporium.
  5536 | D        | Found Zadalux's Armour Shoppe.
  5708 | D        | Gained mutation: You are dopey. (Int -2) [mutagenic glow]
  5881 | D        | Noticed a spriggan berserker
  5884 | D        | Killed a spriggan berserker
  5884 | D        | Killed Agnes
  5884 | D        | Reached skill level 14 in Spellcasting
  5884 | D        | Reached XP level 11. HP: 64/64 MP: 18/29
  5939 | D        | Found Ruhauteq's Assorted Antiques.
  5942 | D        | Found Xida's Magic Scroll Shoppe.
  5944 | D        | Noticed a spriggan defender
  5956 | D        | Killed a spriggan defender
  5956 | D        | Reached skill level 5 in Fire Magic
  5965 | D        | Bought a scroll of blinking for 90 gold pieces
  5965 | D        | Bought a scroll of fear for 42 gold pieces
  6076 | D        | Noticed a spriggan rider
  6078 | D        | Shot with an arrow by a spriggan rider

Illustrated notes

Levels and vault maps discovered:
D:        dungeon_sprint_fedhas [sprint_temple]

Skill      XL: |  1  2  3  4  5  6  7  8  9 10 11 |
---------------+----------------------------------+-----
Stealth        | 3 4 6 |  6.9
Spellcasting   | 4 5 6 7 8 10 11 12 14 | 14.8
Dodging        | 3 4 5 |  5.0
Evocations     | 1 4 6 8 9 |  9.7
Conjurations   | 3 5 6 7 9 11 | 11.6
Translocations | 2 3 |  3.4
Summonings     | 2 4 5 6 |  6.1
Air Magic      | 2 3 |  3.8
Poison Magic   | 2 3 4 |  4.3
Fighting       | 1 2 |  2.1
Short Blades   | 1 2 |  2.0
Hexes          | 1 2 |  2.1
Long Blades    | 1 |  1.4
Invocations    | 4 6 |  6.4
Fire Magic     | 2 4 5 |  5.2
Earth Magic    | 2 4 |  4.9
Transmutations | 3 4 |  4.4

Action                   |  1- 3 |  4- 6 |  7- 9 | 10-12 || total
-------------------------+-------+-------+-------+-------++-------
Melee: Dagger            |    15 |    16 |     7 |       ||    38
       Constrict         |     3 |     4 |     3 |     1 ||    11
       Tentacles         |     4 |     3 |     2 |     1 ||    10
       Long sword        |       |       |     7 |     1 ||     8
       Short sword       |       |       |     2 |     1 ||     3
 Cast: Blink             |     5 |       |     1 |     7 ||    13
       Call Imp          |     2 |     3 |    14 |       ||    19
       Magic Dart        |    21 |    55 |   181 |    90 ||   347
       Mephitic Cloud    |       |     6 |     6 |     5 ||    17
       Slow              |       |     8 |       |       ||     8
       Bolt of Magma     |       |       |     1 |     3 ||     4
       Iskenderun's Batt |       |       |     1 |     3 ||     4
       Conjure Flame     |       |       |       |     1 ||     1
 Abil: Evoke Invisibilit |     4 |     6 |    13 |    10 ||    33
Evoke: Lightning rod     |       |       |    16 |    11 ||    27
  Use: Potion            |       |     4 |       |     1 ||     5
 Stab: Confused          |       |     1 |       |     1 ||     2
       Sleeping          |       |       |     2 |       ||     2
       Invisible         |       |       |     1 |       ||     1
Armor: Skin              |       |     1 |       |       ||     1
Dodge: Dodged            |     9 |    16 |     6 |     4 ||    35
       Rpst.: Long sword |       |       |     1 |       ||     1

Table legend: (Time is in decaauts)
 A = Elapsed time spent in this place.
 B = Non-inter-level travel time spent in this place.
 C = Inter-level travel time spent in this place.
 D = Time resting spent in this place.
 E = Time spent auto-exploring this place.
 F = Levels seen in this place.
 G = Mean time per level.
                   A        B        C        D        E       F      G
               +--------+--------+--------+--------+--------+-----+--------+
         Total |   6069 |   6069 |      0 |   4761 |      0 |   1 | 6069.0 |
       Dungeon |   6069 |   6069 |      0 |   4761 |      0 |   1 | 6069.0 |
               +--------+--------+--------+--------+--------+-----+--------+

Top non-repeatable levels by time:
       D: 6069 daAuts
